 Dungeon Crawl Stone Soup version 0.17.1-1-g73c8601 (webtiles) character file.

1658 Genom09 the Nimble (level 9, -7/59 HPs)
             Began as a Merfolk Transmuter on Dec 21, 2015.
             Was a Believer of Cheibriados.
             Mangled by Joseph
             ... wielding a +3 quarterstaff of crushing
              (15 damage)
             ... on level 7 of the Dungeon.
             The game lasted 00:29:30 (4878 turns).

Genom09 the Nimble (Merfolk Transmuter)             Turns: 4878, Time: 00:29:30

Health: -7/59      AC:  5    Str: 17    XL:     9   Next: 0%
Magic:  17/21      EV: 31    Int: 17    God:    Cheibriados [**....]
Gold:   321        SH:  0    Dex: 23    Spells: 4 memorised, 1 level left

rFire  . . .     SeeInvis .       - Unarmed
rCold  . . .     Clarity  .     (armour currently unavailable)
rNeg   . . .     SustAt   .     (shield currently unavailable)
rPois  x         Gourm    .     (helmet currently unavailable)
rElec  .         Spirit   .     (cloak currently unavailable)
rCorr  .         Warding  .     (gloves currently unavailable)
rMut   .         Stasis   +     (boots currently unavailable)
MR     .....                    n - amulet of stasis (curse)
Stlth  ++........               z - +3 ring of protection
                                e - ring of magical power

@: spider-form, drained, very slow, not resistant to hostile enchantments,
unstealthy
A: (change form in water), (swift swim)
a: End Transformation, Bend Time, Renounce Religion


You were on level 7 of the Dungeon.
You worshipped Cheibriados.
Cheibriados was pleased with you.
You were not hungry.
You were a venomous arachnid creature.
You visited 2 branches of the dungeon, and saw 8 of its levels.

You collected 321 gold pieces.

Inventory:

Missiles
 a - 32 arrows
Armour
 b - a +0 robe (melded)
 h - a +0 leather armour
 i - a +0 helmet
 r - a +0 scale mail
 y - a +0 ring mail
 G - a +0 pair of boots (melded)
Jewellery
 e - a ring of magical power (left front leg)
 m - an uncursed amulet of clarity
 n - a cursed amulet of stasis (around neck)
 t - an uncursed ring of poison resistance
 z - a +3 ring of protection (right front leg)
 J - an uncursed ring of ice
Wands
 H - a wand of cold (5)
 L - a wand of fire (1)
Scrolls
 j - a scroll of random uselessness {unknown}
 k - a scroll of fog {unknown}
 l - 4 scrolls of amnesia {unknown}
 o - 3 scrolls of immolation {unknown}
 p - a scroll of magic mapping {unknown}
 s - a scroll of identify {unknown}
 u - 4 scrolls of blinking {unknown}
 w - a scroll of noise {unknown}
 x - a scroll of enchant weapon {unknown}
 C - a scroll of recharging {unknown}
 D - a scroll of enchant armour {unknown}
 I - a scroll of summoning {unknown}
 K - a scroll of silence {unknown}
Potions
 v - a potion of cure mutation {unknown}
 B - 2 potions of poison {unknown}
 E - a potion of curing {unknown}
 F - a potion of heal wounds
Books
 c - a book of Changes

   Spells                             Type                      Level
   a - Beastly Appendage              Transmutation                1
   b - Sticks to Snakes               Transmutation                2
   c - Spider Form                    Transmutation/Poison         3
   d - Ice Form                       Ice/Transmutation            4
   e - Blade Hands                    Transmutation                5
Comestibles
 d - 8 bread rations
 f - 5 fruits
 g - 2 chunks of flesh
 q - 5 meat rations
 A - a beef jerky


   Skills:
 - Level 1.1(1.0) Fighting
 + Level 1.3(1.2) Armour
 * Level 8.6(8.5) Dodging
 * Level 7.6 Unarmed Combat
 - Level 2.1(2.0) Spellcasting
 + Level 7.9 Transmutations
 - Level 1.6 Poison Magic
 - Level 1.3(1.2) Invocations


You had one spell level left.
You knew the following spells:

 Your Spells              Type           Power        Failure   Level  Hunger
a - Beastly Appendage     Trmt           ####..       4%          1    #......
b - Sticks to Snakes      Trmt           ####......   6%          2    ###....
c - Spider Form           Trmt/Pois      ###.......   24%         3    ###....
d - Blade Hands           Trmt           ####......   45%         5    ######.


Dungeon Overview and Level Annotations

Branches:
Dungeon (7/15)             Temple (1/1) D:5

Altars:
Ashenzari
Cheibriados
Dithmenos
Elyvilon
Gozag
Makhleb
Nemelex Xobeh
Qazlal
Sif Muna
Trog
Xom
Yredelemnul
Zin
The Shining One
Lugonu

Annotations:
D:4 Gargoyl's ghost, amateur DsAK
D:7 Dickchan's ghost, novice CeHu; Joseph


Message History

Your +0 robe melds into your body.
Joseph shoots a sling bullet.
The sling bullet barely misses you.
Joseph unwields an uncursed hunting sling.
Joseph wields an uncursed quarterstaff of crushing.
Joseph hits you with an uncursed quarterstaff of crushing.
* * * LOW HITPOINT WARNING * * *
x2 You see here a sling bullet.
You bite Joseph!
Joseph is poisoned.
Joseph is lightly wounded.
Your ball python bites Joseph but does no damage.
Your ball python grabs Joseph.
Your ball python constricts Joseph.
Joseph completely misses you.
You bite Joseph!
Joseph looks even sicker.
Joseph is moderately wounded.
Your ball python bites Joseph but does no damage.
Your ball python constricts Joseph.
You hit Joseph but do no damage.
Joseph is moderately wounded.
Joseph hits you with an uncursed quarterstaff of crushing!
You die...

#.......##................
#.........................
#......##.................
#.......##................
#.......#...............#
####.......#..###....#.#
#......#..(##)...#.. ##
#.............)(.###...#
##.....#.###sS#.(## ..#
##......###@###..# ...
#.....#.)%.# #..##.#
#...###(#### ##....#
#...##..# #....#
####.#.#.(## #....#
.....#...## ##(#....
.....#.>## #.#.....#
...>....### #.#.....#


You could see Joseph and a friendly ball python.

Vanquished Creatures
  Prince Ribbit (D:7)
  Eustachio (D:5)
  A hippogriff (D:5)
  A sky beast (D:7)
  A centaur (D:7)
  4 big kobolds
  3 wights (D:7)
  A jelly (D:6)
  A scorpion (D:5)
  2 hounds
  An orc priest (D:3)
  3 worker ants
  2 iguanas
  A killer bee zombie (D:6)
  A hound zombie (D:6)
  A hound skeleton (D:6)
  11 adders
  A shadow imp (D:6)
  2 oozes
  An adder zombie (D:7)
  3 worms
  4 giant geckos
  16 orcs
  7 giant cockroaches
  10 hobgoblins
  7 jackals
  7 bats
  5 giant newts
  15 goblins
  15 kobolds
  3 quokkas
  7 rats
139 creatures vanquished.

Vanquished Creatures (collateral kills)
  A hungry ghost (D:7)
  An adder (D:5)
  A hobgoblin (D:2)
  2 jackals (D:2)
  A quokka (D:5)
6 creatures vanquished.

Grand Total: 145 creatures vanquished

Notes
Turn   | Place    | Note
--------------------------------------------------------------
     0 | D:1      | Genom09 the Merfolk Transmuter began the quest for the Orb.
     0 | D:1      | Reached XP level 1. HP: 15/15 MP: 3/3
    20 | D:1      | Reached XP level 2. HP: 18/21 MP: 3/5
   309 | D:1      | Learned a level 2 spell: Sticks to Snakes
   316 | D:1      | Reached XP level 3. HP: 17/26 MP: 6/6
   723 | D:2      | Reached skill level 4 in Transmutations
   831 | D:2      | Reached XP level 4. HP: 11/32 MP: 7/7
   839 | D:2      | Learned a level 3 spell: Spider Form
   839 | D:2      | Found a basalt altar of Yredelemnul.
  1447 | D:2      | Reached skill level 5 in Transmutations
  1469 | D:2      | Reached skill level 1 in Poison Magic
  1504 | D:2      | Found an opulent altar of Gozag.
  1838 | D:3      | Reached XP level 5. HP: 31/37 MP: 8/8
  2413 | D:4      | Reached skill level 6 in Transmutations
  2526 | D:4      | Found a bloodstained altar of Trog.
  2633 | D:4      | Noticed Gargoyl's ghost (amateur DsAK)
  2654 | D:5      | Entered Level 5 of the Dungeon
  2674 | D:5      | Reached XP level 6. HP: 10/43 MP: 9/9
  2681 | D:5      | Noticed a hippogriff
  2808 | D:5      | Killed a hippogriff
  2874 | D:5      | Reached skill level 5 in Unarmed Combat
  2935 | D:5      | Noticed Eustachio
  2954 | D:5      | Killed Eustachio
  2954 | D:5      | Reached skill level 5 in Dodging
  2954 | D:5      | Reached XP level 7. HP: 30/48 MP: 10/10
  3106 | D:5      | Found a sparkling altar of Nemelex Xobeh.
  3291 | D:5      | Found a glowing golden altar of the Shining One.
  3373 | D:5      | Found a staircase to the Ecumenical Temple.
  3669 | Temple   | Entered the Ecumenical Temple
  3683 | Temple   | Became a worshipper of Cheibriados the Contemplative
  3809 | D:6      | Found a shimmering altar of Xom.
  4030 | D:6      | Reached * piety under Cheibriados
  4074 | D:6      | Found a shattered altar of Ashenzari.
  4077 | D:6      | Found a stormy altar of Qazlal.
  4226 | D:6      | Found a glowing golden altar of the Shining One.
  4227 | D:6      | Found a white marble altar of Elyvilon.
  4227 | D:6      | Found a glowing silver altar of Zin.
  4347 | D:6      | Reached skill level 7 in Transmutations
  4358 | D:6      | Reached XP level 8. HP: 46/54 MP: 11/11
  4430 | D:6      | Reached skill level 1 in Invocations
  4492 | D:7      | Noticed Dickchan's ghost (novice CeHu)
  4672 | D:7      | Noticed Prince Ribbit
  4690 | D:7      | Killed Prince Ribbit
  4690 | D:7      | Reached skill level 1 in Armour
  4690 | D:7      | Reached skill level 8 in Dodging
  4717 | D:7      | Reached ** piety under Cheibriados
  4740 | D:7      | Reached XP level 9. HP: 14/59 MP: 3/12
  4759 | D:7      | Learned a level 5 spell: Blade Hands
  4859 | D:7      | Noticed Joseph
  4878 | D:7      | Mangled by Joseph

Action                   |  1- 3 |  4- 6 |  7- 9 || total
-------------------------+-------+-------+-------++-------
Melee: Unarmed           |   103 |   186 |   193 ||   482
 Cast: Beastly Appendage |    20 |    26 |    13 ||    59
       Sticks to Snakes  |     5 |     9 |     9 ||    23
       Spider Form       |       |     8 |    15 ||    23
Invok: Bend Time         |       |       |     1 ||     1
Evoke: Wand              |       |       |     4 ||     4
  Use: Potion            |       |     1 |       ||     1
 Stab: Sleeping          |       |     2 |       ||     2
       Distracted        |       |       |     1 ||     1
  Eat: Chunk             |     1 |     9 |    10 ||    20
